 Dungeon Crawl Stone Soup version 0.29.1-2-gbd0b4ee654 (webtiles) character file.

Game seed: 10867411393114092776

566 GorkyZ the Trooper (level 7, -3/54 HPs)
             Began as a Demonspawn Fighter on Nov 23, 2022.
             Killed from afar by an orc wizard (8 damage)
             ... with a puff of flame
             ... on level 4 of the Dungeon.
             The game lasted 00:10:01 (2894 turns).

GorkyZ the Trooper (Demonspawn Fighter)             Turns: 2894, Time: 00:10:02

Health: -3/54      AC:  4    Str: 19    XL:     7   Next: 10%
Magic:  7/7        EV: 11    Int:  9    God:
Gold:   225        SH: 10    Dex: 12    Spells: 6/6 levels left

rFire   . . .      SeeInvis .   a - +0 war axe
rCold   . . .      Faith    .   c - +0 buckler
rNeg    . . .      Spirit   .   l - +0 troll leather armour
rPois   .          Reflect  .   (no helmet)
rElec   .          Harm     .   (no cloak)
rCorr   .          Rampage  .   (gloves unavailable)
Will    +....                   (no boots)
Stlth   +.........              (no amulet)
HPRegen 0.98/turn               f - ring of willpower
MPRegen 0.10/turn               (no ring)

@: no status effects
A: large bone plates 2, demonic magic 1, demonic touch 3
a: no special abilities


You were on level 4 of the Dungeon.
You visited 1 branch of the dungeon, and saw 4 of its levels.

You collected 225 gold pieces.

Inventory:

Hand Weapons
 a - a +0 war axe (weapon)
Missiles
 p - 12 poisoned darts (quivered)
 B - 2 boomerangs
Armour
 b - a +0 scale mail
 c - a +0 buckler (worn)
 l - a +0 troll leather armour (worn)
 A - a +0 pair of boots
Jewellery
 f - a ring of willpower (left hand)
Wands
 y - a wand of digging (5)
 z - a wand of paralysis (8)
Scrolls
 e - 3 scrolls of enchant armour {unknown}
 g - 3 scrolls of identify {unknown}
 h - 2 scrolls of fog {unknown}
 i - 2 scrolls of teleportation {unknown}
 k - 2 scrolls of enchant weapon {unknown}
 n - a scroll of fear {unknown}
 o - a scroll of amnesia {unknown}
 r - 2 scrolls of vulnerability {unknown}
 v - a scroll of magic mapping {unknown}
 w - a scroll of immolation {unknown}
 x - a scroll of noise {unknown}
Potions
 d - 2 potions of might
 j - a potion of attraction {unknown}
 m - 2 potions of curing {unknown}
 q - a potion of ambrosia {unknown}
 s - a potion of mutation {unknown}
 t - a potion of cancellation {unknown}
 u - a potion of experience {unknown}


   Skills:
 + Level 4.0 Fighting
 * Level 3.9 Axes
 + Level 2.1 Throwing
 + Level 3.4 Armour
 + Level 2.0 Dodging
 + Level 3.6 Shields
 + Level 2.4 Evocations


You had 6 spell levels left.
You didn't know any spells.
Your spell library contained the following spells:

 Spells                   Type           Power      Damage    Failure   Level
 Sandblast                Erth           0%         2d4       54%         1
 Ensorcelled Hibernation  Hex/Ice        0%         N/A       67%         2
 Passwall                 Tmut/Erth      0%         N/A       67%         2
 Dazzling Flash           Conj/Hex       0%         N/A       88%         3
 Portal Projectile        Hex/Tloc       0%         N/A       88%         3
 Spider Form              Tmut/Pois      0%         N/A       88%         3
 Stone Arrow              Conj/Erth      0%         3d7       88%         3
 Tukima's Dance           Hex            0%         N/A       88%         3
 Anguish                  Hex/Necr       0%         N/A       99%         4
 Agony                    Necr           0%         N/A       100%        5
 Blade Hands              Tmut           0%         N/A       100%        5
 Silence                  Hex/Air        0%         N/A       100%        5


Dungeon Overview and Level Annotations

Branches:
Dungeon (4/15)
 Temple: D:4-7

Altars:
Kikubaaqudgha

Shops:
D:1 =


Innate Abilities, Weirdness & Mutations

You are mostly covered in large bone plates. (SH +6)
Spells you cast may paralyse adjacent enemies.
Your touch may irresistibly damage your foes and sap their willpower.


Message History

A magic dart appears from out of thin air!
The magic dart hits you. The orc priest closely misses you. x2
Something hits you.
You hit the orc priest.
The orc priest is moderately wounded.
You barely miss something.
The orc priest invokes the aid of Beogh against you.
Beogh smites you! Something hits you but does no damage.
You slash the orc priest!
You kill the orc priest!
You barely miss something. Something hits you.
Your life force feels restored.
You barely miss something. You closely miss the orc.
You block the orc's attack.
Something hits you but does no damage. x2
The orc hits you with a +0 falchion.
* * * LOW HITPOINT WARNING * * *
You hit the orc.
The orc is heavily wounded.
You hit something. You block the orc's attack.
You hear some strange, mumbled words.
A magic dart appears from out of thin air!
The magic dart hits you.
* * * LOW HITPOINT WARNING * * *
You miss something. You hit the orc but do no damage.
You block the orc's attack. Something hits you.
* * * LOW HITPOINT WARNING * * *
Something hits you.
* * * LOW HITPOINT WARNING * * *
The orc hits you but does no damage.
You miss something. You hit the orc.
You kill the orc!
You hear some strange, mumbled words.
A magic dart appears from out of thin air!
The magic dart hits you.
* * * LOW HITPOINT WARNING * * *
You barely miss something.
You hear some strange, mumbled words.
A puff of flame appears from out of thin air!
The puff of flame hits you!
You die...

..#+## #....# #....#
#....# #†...# #....# ###
########....#
..#.##..##..#....#
..#.....#...'..)@#
..#.....'...#..{)#
..#+###.###.#...)#
......#.###.####........
......+..#.....#.[......
.>....#..#.....#........
......#..#.....#........
.<....#..#.....##'###o..
......#..#.....# .. ...


There were no monsters in sight!

Vanquished Creatures
  Sigmund (D:2)
  A scorpion (D:4)
  4 orc priests (D:4)
  Jessica (D:2)
  An orc wizard (D:4)
  An adder (D:3)
  7 gnolls
  An ufetubus (D:4)
  A worm (D:3)
  2 dart slugs
  10 orcs
  7 ball pythons
  7 endoplasms
  4 giant cockroaches
  4 hobgoblins
  7 kobolds
  5 quokkas
  7 bats
  4 frilled lizards
  6 goblins
  4 rats
85 creatures vanquished.

Notes
Turn   | Place    | Note
-------+----------+-------------------------------------------
     0 | D:1      | GorkyZ the Demonspawn Fighter began the quest for the Orb.
     0 | D:1      | Reached XP level 1. HP: 18/18 MP: 1/1
    91 | D:1      | Gained mutation: Your touch may inflict minor irresistible
                  | damage on your foes. [demonic ancestry]
    91 | D:1      | Reached XP level 2. HP: 14/24 MP: 2/2
   852 | D:1      | Found Zeteam's One-of-a-Kind Rings.
  1214 | D:2      | Gained mutation: You are partially covered in large bone
                  | plates. (SH +4) [demonic ancestry]
  1214 | D:2      | Reached XP level 3. HP: 27/29 MP: 3/3
  1318 | D:2      | Noticed Jessica
  1338 | D:2      | Killed Jessica
  1339 | D:2      | Reached skill level 1 in Evocations
  1479 | D:2      | Gained mutation: Spells you cast may paralyse adjacent
                  | enemies. [demonic ancestry]
  1479 | D:2      | Reached XP level 4. HP: 27/35 MP: 4/4
  1485 | D:2      | Reached skill level 1 in Throwing
  1485 | D:2      | Reached skill level 1 in Dodging
  1543 | D:2      | Noticed Sigmund
  1604 | D:2      | Killed Sigmund
  1605 | D:2      | Gained mutation: Your touch may inflict irresistible damage
                  | on your foes. [demonic ancestry]
  1605 | D:2      | Reached XP level 5. HP: 28/41 MP: 5/5
  1914 | D:3      | Gained mutation: You are mostly covered in large bone
                  | plates. (SH +6) [demonic ancestry]
  1914 | D:3      | Reached XP level 6. HP: 48/48 MP: 6/6
  1979 | D:3      | Found an ancient bone altar of Kikubaaqudgha.
  2887 | D:4      | Reached skill level 4 in Fighting
  2887 | D:4      | Gained mutation: Your touch may irresistibly damage your
                  | foes and sap their willpower. [demonic ancestry]
  2887 | D:4      | Reached XP level 7. HP: 32/53 MP: 7/7
  2894 | D:4      | Killed from afar by an orc wizard

Illustrated notes

Levels and vault maps discovered:
D:1:      tarquinn_simple_flora_water_f, layout_basic,
          nicolae_shop_unique_rings, chequers_serial_rivers_micro_d,
          chequers_garden, chequers_serial_rivers_room_a, kennysheep_crisscross,
          dk_noncrumbling_2, minmay_strange_pillars, roderic_three_in_a_row
D:2:      layout_basic, minmay_stone_trees_small, st_stairs_12, uniq_jessica,
          uniq_sigmund
D:3:      minmay_octagon_keep, layout_basic, mainiacjoe_overflow_24_doors
D:4:      layout_gridville

Skill      XL: |  1  2  3  4  5  6 |
---------------+-------------------+-----
Axes           | 2 3 |  3.9
Evocations     | 1 2 |  2.4
Shields        | 3 |  3.6
Throwing       | 1 2 |  2.1
Dodging        | 1 2 |  2.0
Armour         | 3 |  3.4
Fighting       | 4 |  4.0

Action                   |  1- 3 |  4- 6 |  7- 9 || total
-------------------------+-------+-------+-------++-------
Melee: War axe           |    91 |   125 |     8 ||   224
 Stab: Sleeping          |       |     1 |       ||     1
Armor: Scale mail        |    32 |       |       ||    32
       Troll leather arm |    10 |    28 |     4 ||    42
Dodge: Dodged            |    49 |    50 |     2 ||   101
Block: Buckler           |    27 |    77 |     3 ||   107
